 Dungeon Crawl Stone Soup version 0.29-a0-275-g389c0b56f3 (webtiles) character file.

Game seed: 3281236238305966469

175 Ajdolov the Ogre Mage (level 5, -10/46 HPs)
             Began as an Ogre Earth Elementalist on Mar 9, 2022.
             Mangled by Menkaure (18 damage)
             ... on level 4 of the Dungeon.
             The game lasted 00:03:36 (3515 turns).

Ajdolov the Ogre Mage (Ogre Earth Elementalist)     Turns: 3515, Time: 00:03:36

Health: -10/46     AC:  3    Str: 12    XL:     5   Next: 55%
Magic:  8/12       EV:  9    Int: 18    God:
Gold:   181        SH:  0    Dex:  9    Spells: 10/14 levels left

rFire   . . .      SeeInvis .   k - +1 mace (holy)
rCold   . . .      Faith    .   (no shield)
rNeg    . . .      Spirit   .   b - +0 robe
rPois   .          Reflect  .   (helmet restricted)
rElec   .          Harm     .   (no cloak)
rCorr   .          Rampage  .   (gloves unavailable)
Will    .....                   (boots unavailable)
Stlth   +.........              (no amulet)
HPRegen 0.15/turn               (no ring)
MPRegen 0.13/turn               (no ring)

@: no status effects
A: large, unfitting armour, tough skin 1
a: no special abilities


You were on level 4 of the Dungeon.
You visited 1 branch of the dungeon, and saw 4 of its levels.

You collected 181 gold pieces.

Inventory:

Hand Weapons
 k - a +1 mace of holy wrath (weapon)
Missiles
 a - 25 stones
 q - 2 throwing nets
Armour
 b - a +0 robe (worn)
Jewellery
 i - a +6 ring of dexterity
Scrolls
 d - a scroll of fear {unknown}
 e - a scroll of teleportation {unknown}
 m - a scroll of blinking {unknown}
 o - 3 scrolls of identify {unknown}
 p - a scroll of fog {unknown}
Potions
 c - a potion of magic
 f - a potion of might {unknown}
 g - a potion of ambrosia {unknown}
 h - 2 potions of heal wounds {unknown}
 j - a potion of attraction {unknown}
 l - a potion of curing
 n - a potion of mutation {unknown}


   Skills:
 + Level 0.8 Fighting
 - Level 1.7 Dodging
 - Level 1.4 Stealth
 * Level 5.2 Spellcasting
 - Level 0.8 Transmutations
 + Level 3.8 Earth Magic


You had 10 spell levels left.
You knew the following spells:

 Your Spells              Type           Power      Damage    Failure   Level
a - Sandblast             Erth           36%        2d10      2%          1
b - Stone Arrow           Conj/Erth      22%        3d8       19%         3

Your spell library contained the following spells:

 Spells                   Type           Power      Damage    Failure   Level
 Passwall                 Tmut/Erth      10%        N/A       8%          2
 Shock                    Conj/Air       16%        1d4       13%         1
 Swiftness                Air            4%         N/A       36%         3
 Petrify                  Tmut/Erth      13%        N/A       45%         4
 Airstrike                Air            2%         N/A       78%         4


Dungeon Overview and Level Annotations

Branches:
Dungeon (4/15)
 Temple: D:4-7

Altars:

Annotations:
D:4 Menkaure


Innate Abilities, Weirdness & Mutations

You are too large for most types of armour.
You have tough skin. (AC +1)


Message History

The hound is almost dead.
The hound bites you.
Aiming: Sandblast (safe; 3% risk of failure)
Press: ? - help, Q - select action, (/) - cycle Shift-Dir - straight line, f/p - hound
Aim: a hound (almost dead, 71% to hit)
Okay, then.
You hit the hound.
You kill the hound!
You start resting.
Magic restored.
HP restored.
Menkaure, Prince of Dust comes into view.
Found a dagger.
Menkaure shouts!
Aiming: Sandblast (safe; 2% risk of failure)
Press: ? - help, Q - select action, (/) - cycle Shift-Dir - straight line, f - Menkaure
Aim: Menkaure (90% to hit)
The blast of sand hits Menkaure but does no damage.
Menkaure hits you!
Unknown command.
Aiming: Sandblast (safe; 2% risk of failure)
Press: ? - help, Q - select action, (/) - cycle Shift-Dir - straight line, f/p - Menkaure
Aim: Menkaure (90% to hit)
The blast of sand hits Menkaure.
Menkaure is lightly damaged.
Unknown command.
Aiming: Sandblast (safe; 2% risk of failure)
Press: ? - help, Q - select action, (/) - cycle Shift-Dir - straight line, f/p - Menkaure
Aim: Menkaure (lightly damaged, 90% to hit)
The blast of sand hits Menkaure.
Menkaure is moderately damaged.
Menkaure hits you!!
* * * LOW HITPOINT WARNING * * *
Aiming: Sandblast (safe; 2% risk of failure)
Press: ? - help, Q - select action, (/) - cycle Shift-Dir - straight line, f/p - Menkaure
Aim: Menkaure (moderately damaged, 90% to hit)
The blast of sand hits Menkaure!
Menkaure is severely damaged.
Menkaure hits you!!
You die...

######### .M.)....#
######M####...
#....@.......#
#.####.####.## #.##
#.# .######..###.#
..........##.# .#
######.....#.##...#
#.....†.<...# ..
##.....#.<..# ##.##
##...###.........).


You could see Menkaure.

Vanquished Creatures
  A hound (D:4)
  3 orc priests
  An adder (D:2)
  A dart slug (D:1)
  3 orcs
  3 ball pythons
  4 endoplasms
  A giant cockroach (D:1)
  2 goblins (D:2)
  6 hobgoblins
  3 jackals (D:2)
  3 kobolds
  4 bats
  A frilled lizard (D:2)
  5 rats
41 creatures vanquished.

Notes
Turn   | Place    | Note
-------+----------+-------------------------------------------
     0 | D:1      | Ajdolov the Ogre Earth Elementalist began the quest for the
                  | Orb.
     0 | D:1      | Reached XP level 1. HP: 16/16 MP: 3/3
   167 | D:1      | Reached XP level 2. HP: 14/24 MP: 1/5
   316 | D:1      | Reached skill level 3 in Spellcasting
   394 | D:1      | Found a faded altar of an unknown god.
   863 | D:2      | Reached XP level 3. HP: 23/31 MP: 4/8
   979 | D:2      | Learned a level 3 spell: Stone Arrow
  2690 | D:3      | Reached skill level 4 in Spellcasting
  2690 | D:3      | Reached XP level 4. HP: 30/39 MP: 5/10
  2869 | D:3      | Reached XP level 5. HP: 45/45 MP: 9/12
  2918 | D:3      | Reached skill level 5 in Spellcasting
  3504 | D:4      | Noticed Menkaure
  3515 | D:4      | Mangled by Menkaure

Illustrated notes

Levels and vault maps discovered:
D:1:      wander_arrival_estate, layout_rooms,
          shapermc_ecumenical_altar_totnotflames, serial_bayou_crossing
D:2:      layout_basic
D:3:      layout_basic
D:4:      layout_loops_ring, uniq_menkaure, uniq_blork_the_orc, uniq_ijyb,
          uniq_duvessa

Skill      XL: |  1  2  3  4  5 |
---------------+----------------+-----
Spellcasting   | 3 4 5 |  5.2
Earth Magic    | 3 |  3.8
Fighting       | |  0.8
Dodging        | |  1.7
Stealth        | |  1.4
Transmutations | |  0.8

Action                   |  1- 3 |  4- 6 || total
-------------------------+-------+-------++-------
Melee: Unarmed           |     8 |       ||     8
       Dagger            |    43 |       ||    43
       Mace              |     8 |    27 ||    35
 Cast: Sandblast         |    39 |    17 ||    56
 Stab: Sleeping          |     2 |     1 ||     3
Armor: Robe              |    32 |     6 ||    38
Dodge: Dodged            |    44 |    20 ||    64

Table legend: (Time is in decaauts)
 A = Elapsed time spent in this place.
 B = Non-inter-level travel time spent in this place.
 C = Inter-level travel time spent in this place.
 D = Time resting spent in this place.
 E = Time spent auto-exploring this place.
 F = Levels seen in this place.
 G = Mean time per level.
                   A        B        C        D        E       F      G
               +--------+--------+--------+--------+--------+-----+--------+
         Total |   3541 |   3506 |     35 |   1160 |   1969 |   4 |  885.2 |
       Dungeon |   3541 |   3506 |     35 |   1160 |   1969 |   4 |  885.2 |
               +--------+--------+--------+--------+--------+-----+--------+

Top non-repeatable levels by time:
     D:2: 1187 daAuts
     D:3: 877 daAuts
     D:1: 799 daAuts
     D:4: 676 daAuts
